 Dungeon Crawl Stone Soup version 0.26-a0-651-gb41185065b (webtiles) character file.

Game seed: 3252029963376363556

24497 Apogee the Cleaver (level 12, 48/115 HPs)
             Began as a Deep Dwarf Fighter on Oct 9, 2020.
             Was a High Priest of Makhleb.
             Quit the game on level 1 of the Abyss.
             The game lasted 00:44:50 (12828 turns).

Apogee the Cleaver (Deep Dwarf Fighter)            Turns: 12828, Time: 00:44:51

Health: 48/115     AC: 23    Str: 20    XL:     12   Next: 81%
Magic:  4/4        EV:  6    Int: 10    God:    Makhleb [*****.]
Gold:   357        SH: 13    Dex: 18    Spells: 11/11 levels left

rFire    x . .     SeeInvis .   a - +0 war axe
rCold    + . .     Faith    +   c - +0 kite shield
rNeg     . . .     Spirit   .   e - +2 plate armour {rPois}
rPois    +         Reflect  .   B - +0 helmet
rElec    .         Harm     .   N - +2 cloak
rCorr    .         Rampage  .   Q - +0 pair of gloves
MR       +....     Rnd*Rage +   (no boots)
Stlth    ..........             A - amulet of faith {!P}
HPRegen  0.00/turn              E - ring of ice
MPRegen  0.09/turn              H - +6 ring of dexterity

@: non-regenerating
A: damage resistance, heal wounds, berserk 2, sense surroundings 2, weak 2, no
regeneration
a: Heal Wounds, Minor Destruction, Lesser Servant of Makhleb, Major Destruction,
Greater Servant of Makhleb, Renounce Religion


You were on level 1 of the Abyss.
You worshipped Makhleb.
Makhleb was extremely pleased with you.
You visited 3 branches of the dungeon, and saw 15 of its levels.
You visited the Abyss 2 times.

You collected 912 gold pieces.
You spent 555 gold pieces at shops.

Inventory:

Hand Weapons
 a - a +0 war axe (weapon)
 h - the +10 trident of Lelloe {freeze, +Fly Dex+5, unknown}
   (You found it on level 1 of the Abyss)

   It has been specially enchanted to freeze those struck by it, causing extra
   injury to most foes and up to half again as much damage against particularly
   susceptible opponents.
   It can also slow down cold-blooded creatures.
   It affects your dexterity (+5).
   It lets you fly.
 P - a +0 broad axe
   (You took it off Maggie on level 8 of the Dungeon)
Missiles
 y - 14 boomerangs (quivered)
 R - 2 boomerangs of dispersal {!f}
Armour
 c - a +0 kite shield (worn)
 e - a +2 plate armour of poison resistance (worn)
   (You bought it in a shop on level 5 of the Dungeon)
 B - a +0 helmet (worn)
   (You found it on level 3 of the Dungeon)
 N - a +2 cloak (worn)
   (You found it on level 2 of the Dungeon)
 Q - a +0 pair of gloves (worn)
   (You found it on level 8 of the Dungeon)
Jewellery
 f - an uncursed ring of stealth
   (You found it on level 1 of the Dungeon)
 A - an amulet of faith (around neck) {!P}
   (You found it on level 3 of the Dungeon)
 E - a ring of ice (left hand)
   (You found it on level 4 of the Dungeon)
 H - a +6 ring of dexterity (right hand)
   (You found it on level 5 of the Dungeon)
Wands
 u - a wand of paralysis (10)
   (You found it on level 7 of the Dungeon)
 v - a wand of digging (4)
   (You found it on level 5 of the Dungeon)
 x - a wand of polymorph (13)
   (You found it on level 11 of the Dungeon)
Scrolls
 d - 4 scrolls of fear {unknown}
 i - 4 scrolls of blinking {unknown}
 j - 2 scrolls of enchant armour {unknown}
 l - 10 scrolls of remove curse {unknown}
 n - 7 scrolls of identify {@r1}
 s - 2 scrolls of enchant weapon {unknown}
 w - a scroll of fog {unknown}
 C - 5 scrolls of amnesia {unknown}
 I - 9 scrolls of teleportation {unknown}
 J - 4 scrolls of immolation {unknown}
 L - a scroll of random uselessness {unknown}
 O - a scroll of brand weapon {unknown}
 U - a scroll of noise {unknown}
 V - a scroll of acquirement {unknown}
 W - a scroll of vulnerability {unknown}
 X - a scroll of magic mapping {unknown}
Potions
 b - 2 potions of resistance
 g - a potion of cancellation {unknown}
 k - 4 potions of stabbing
 m - 3 potions of magic
 o - 12 potions of degeneration {!q}
 p - 4 potions of curing {@q1}
 q - 2 potions of lignification {unknown}
 r - 4 potions of flight {unknown}
 t - a potion of berserk rage
 z - 3 potions of mutation {unknown}
 F - 4 potions of heal wounds {@q2}
 G - 2 potions of brilliance {unknown}
 M - 2 potions of ambrosia {unknown}
 T - 3 potions of haste {@q3}
Miscellaneous
 D - a tin of tremorstones (inert)
   (You found it on level 13 of the Dungeon)


   Skills:
 + Level 9.5 Fighting
 * Level 12.4 Axes
 + Level 11.1 Armour
 + Level 11.1 Shields
 + Level 10.4 Invocations


You had 11 spell levels left.
You didn't know any spells.
Your spell library contained the following spells:

 Spells                   Type           Power        Failure   Level
 Animate Skeleton         Necr           #.....       100%        1
 Apportation              Tloc           #.....       100%        1
 Beastly Appendage        Tmut           #.....       100%        1
 Corona                   Hex            #......      100%        1
 Summon Small Mammal      Summ           #...         100%        1
 Slow                     Hex            #.......     100%        2
 Wereblood                Tmut           #.......     100%        2
 Inner Flame              Hex/Fire       #.......     100%        3
 Portal Projectile        Hex/Tloc       #.....       100%        3
 Spider Form              Tmut/Pois      #.........   100%        3
 Static Discharge         Conj/Air       #.......     100%        3
 Cause Fear               Hex            #.........   100%        4
 Ice Form                 Ice/Tmut       #.......     100%        4
 Leda's Liquefaction      Hex/Erth       #.........   100%        4
 Blade Hands              Tmut           #.........   100%        5
 Lightning Bolt           Conj/Air       #.........   100%        5
 Ignition                 Fire           #.........   100%        8
 Shatter                  Erth           #.........   100%        9
 Tornado                  Air            #.........   100%        9


Dungeon Overview and Level Annotations

Branches:
Dungeon (13/15)            Temple (1/1) D:5            Lair (0/6) D:10
    Orc (1/2) D:9
 Vaults: D:13-14

Altars:
Cheibriados
Dithmenos
Elyvilon
Gozag
Hepliaklqana
Makhleb
Nemelex Xobeh
Qazlal
Ru
Sif Muna
Trog
Uskayaw
Vehumet
Wu Jian
Xom
Yredelemnul
Zin
The Shining One

Shops:
D:5 [   D:12 }

Portals:
Trove: D:10 (give +6 demon trident)

Annotations:
D:4 1 runed translucent door
D:6 exclusion: statue
D:9 exclusion: upstairs
D:11 1 runed translucent door, Lanoc's ghost, journeyman HaAr
D:13 Sonja


Innate Abilities, Weirdness & Mutations

You are resistant to damage.
You can heal yourself by infusing magical energy.
You passively map the area around you.
You do not regenerate.
You often lose your temper in combat.
You are very weak. (Str -4)


Message History

You blink.
You swing at nothing.
You barely miss Sonja. You block Sonja's attack.
Sonja hits you but does no damage. Space bends around you.
Sonja hits you but does no damage. Space warps horribly around you!
You block Sonja's attack.
Sonja hits you with a +1 dagger of distortion.
Space warps horribly around you! Sonja hits you but does no damage.
You are cast into the Abyss!
To return, you must find a gate leading back.
Killing monsters will force the Abyss to allow you passage.
This branch contains the abyssal rune of Zot.
Found a corrupted altar of Lugonu.
Found a pitted trident and a robe.
Found 21 stones.
There is a corrupted altar of Lugonu here.
Your pack is full.
You see here a pitted trident.
h - 423 stones (gained 21) Drop what? 52/52 slots (_ for help) (? for menu, Esc to quit)
Okay, then.
Drop what? 52/52 slots (_ for help) (? for menu, Esc to quit)
You drop 423 stones.
You drop a +0 chain mail.
You drop +0 swamp dragon scales.
You drop +0 pearl dragon scales.
You drop a cursed amulet of inaccuracy.
You drop an encrusted ring mail.
h - a pitted trident
Found a potion of berserk rage.
t - a potion of berserk rage Key pressed, stopping explore.
A large abomination comes into view.
A large abomination is nearby!
A large abomination is nearby!
The large abomination hits you!!
* * * LOW HITPOINT WARNING * * *
You are too injured to fight recklessly!
You are too injured to fight recklessly!
You are too injured to fight recklessly!
You are too injured to fight recklessly!
You are too injured to fight recklessly!
You are too injured to fight recklessly!
You are too injured to fight recklessly!
You are too injured to fight recklessly!
You are too injured to fight recklessly!
You are too injured to fight recklessly!

##[..# ##..#.# #
...####
####.#..####
###.#......#.##
..#. ..####.####
##...#..#..#...##
# #..#.. #.#...##
#.....##...#....@#
# #...
...#...###X.#
###........#.#.
..# #....#..##..#
#. ..# . .###.#
#.##.. #....... #
. .## ##.# ...# #.
.####. .....# .
#..## #... ...# ##
.# .. #. . .#


You could see a large abomination.

Vanquished Creatures
  Josephine (D:13)
  5 two-headed ogres
  A thrashing horror (Abyss:1)
  Nergalle (D:12)
  3 large abominations (Abyss:1)
  A spatial maelstrom (Abyss:1)
  2 cyclopes (D:13)
  A centaur zombie (D:13)
  Psyche (D:10)
  A gargoyle (D:13)
  A smoke demon (Abyss:1)
  Maggie (D:8)
  3 ancient zymes (Abyss:1)
  4 trolls
  2 hippogriffs (D:8)
  A fire giant simulacrum (Abyss:1)
  Sigmund (D:4)
  4 wraiths
  A wyvern (D:8)
  9 yaks (D:11)
  A basilisk (D:11)
  The ghost of Irenicus the Chopper, an amateur DDGl (D:4)
  A neqoxec (Abyss:1)
  A steam dragon (D:12)
  Menkaure (D:4)
  2 soldier ants
  2 water moccasins
  A black bear (D:7)
  10 orc warriors
  A necrophage (D:5)
  A sky beast (D:5)
  An eye of draining (D:12)
  2 small abominations (Abyss:1)
  5 ogres
  3 phantoms
  2 hornet zombies
  17 centaurs
  3 crocodiles
  Blork the orc (D:4)
  2 big kobolds
  8 bullfrogs
  7 gnoll sergeants
  3 scorpions
  25 wights
  6 killer bees
  3 howler monkeys
  2 bullfrog zombies (D:11)
  7 hounds
  An iron imp (Abyss:1)
  2 jellies
  7 orc priests
  9 orc wizards
  2 quasits
  2 centaur skeletons
  6 bullfrog skeletons
  4 iguanas
  Terence (D:2)
  5 worker ants
  A killer bee zombie (D:7)
  A hound skeleton (D:5)
  A howler monkey skeleton (D:11)
  2 worker ant zombies
  13 gnolls
  11 adders
  2 river rats (D:4)
  4 shadow imps
  4 ufetubi
  An ooze (D:7)
  9 worms
  2 dart slugs
  8 leopard geckos
  57 orcs
  6 giant cockroaches
  10 goblins
  10 hobgoblins
  13 jackals
  2 quokkas (D:8)
  A ball python (D:1)
  10 bats
  3 frilled lizards
  11 kobolds
  A leopard gecko skeleton (D:5)
  3 quokka skeletons
  A quokka zombie (D:5)
  5 rats
394 creatures vanquished.

Vanquished Creatures (collateral kills)
  Kirke (D:12)
  Fannar (D:10)
  A two-headed ogre (D:9)
  A phantom (D:9)
4 creatures vanquished.

Vanquished Creatures (others)
  4 humans (D:13)
  An ogre (D:9)
  A howler monkey (D:13)
  A wight (D:12)
  An orc wizard (D:6)
  A gnoll (D:8)
  An orc (D:12)
  A quokka (D:7)
  5 plants (D:1)
16 creatures vanquished.

Grand Total: 414 creatures vanquished

Notes
Turn   | Place    | Note
-------+----------+-------------------------------------------
     0 | D:1      | Apogee the Deep Dwarf Fighter began the quest for the Orb.
     0 | D:1      | Reached XP level 1. HP: 20/20 MP: 1/1
   247 | D:1      | Reached XP level 2. HP: 25/27 MP: 2/2
   697 | D:1      | Reached XP level 3. HP: 25/34 MP: 3/3
  1416 | D:2      | Reached skill level 3 in Axes
  1430 | D:2      | Reached XP level 4. HP: 27/42 MP: 4/4
  1505 | D:2      | Noticed Terence
  1598 | D:2      | Killed Terence
  1931 | D:3      | Found a faded altar of an unknown god.
  1989 | D:2      | Reached XP level 5. HP: 30/49 MP: 4/4
  2006 | D:3      | Found a stormy altar of Qazlal.
  2552 | D:4      | Noticed an ogre
  2564 | D:4      | Killed an ogre
  2564 | D:4      | Reached skill level 4 in Axes
  2564 | D:4      | Reached XP level 6. HP: 45/57 MP: 4/4
  2584 | D:4      | Got a warped leather armour
  2644 | D:4      | Found a shimmering altar of Xom.
  2645 | D:4      | Found a hazy altar of Hepliaklqana.
  2646 | D:4      | Noticed a spectral ugly thing
  2690 | D:4      | Noticed Menkaure
  2712 | D:4      | Killed Menkaure
  2712 | D:4      | Reached skill level 5 in Armour
  2712 | D:4      | Reached skill level 5 in Shields
  2906 | D:4      | Reached XP level 7. HP: 26/64 MP: 5/5
  3043 | D:4      | Found a runed translucent door.
  3049 | D:4      | Noticed Blork the orc
  3094 | D:4      | Killed Blork the orc
  3132 | D:4      | Found a runed translucent door.
  3141 | D:4      | Noticed Irenicus's ghost (amateur DDGl)
  3163 | D:4      | Killed Irenicus's ghost
  3163 | D:4      | Reached skill level 5 in Axes
  3317 | D:4      | Noticed Sigmund
  3325 | D:4      | Killed Sigmund
  3325 | D:4      | Reached skill level 5 in Fighting
  3325 | D:4      | Reached XP level 8. HP: 58/74 MP: 6/6
  3326 | D:4      | Found a glowing silver altar of Zin.
  3327 | D:4      | Found a snail-covered altar of Cheibriados.
  3909 | D:5      | Entered Level 5 of the Dungeon
  4058 | D:5      | Found a staircase to the Ecumenical Temple.
  4088 | Temple   | Entered the Ecumenical Temple
  4114 | Temple   | Became a worshipper of Makhleb the Destroyer
  4151 | D:5      | Found a hide-covered altar of Uskayaw.
  4223 | D:5      | Found a shimmering blue altar of Sif Muna.
  4270 | D:5      | Found an opulent altar of Gozag.
  4270 | D:5      | Found a shadowy altar of Dithmenos.
  4295 | D:5      | Found Ylof's Armour Shop.
  4311 | D:5      | Reached skill level 6 in Axes
  4466 | D:5      | Found a shadowy altar of Dithmenos.
  4707 | D:6      | Found a radiant altar of Vehumet.
  4860 | D:6      | Reached * piety under Makhleb
  5111 | D:7      | Reached skill level 1 in Invocations
  5203 | D:6      | Gained mutation: You passively map the area around you.
                  | [Deep Dwarf growth]
  5203 | D:6      | Reached XP level 9. HP: 45/82 MP: 3/5
  5625 | D:7      | Reached skill level 7 in Axes
  5640 | D:7      | Reached ** piety under Makhleb
  5906 | D:7      | Found a white marble altar of Elyvilon.
  6151 | D:8      | Found a glowing golden altar of the Shining One.
  6325 | D:8      | Noticed Maggie
  6368 | D:8      | Killed Maggie
  6368 | D:8      | Reached skill level 5 in Invocations
  6373 | D:8      | Reached XP level 10. HP: 58/92 MP: 7/7
  6395 | D:8      | Reached skill level 8 in Axes
  6433 | D:8      | Reached *** piety under Makhleb
  6953 | D:9      | Noticed a two-headed ogre
  7101 | D:9      | Killed a two-headed ogre
  7441 | D:9      | Found a staircase to the Orcish Mines.
  7803 | D:9      | Reached **** piety under Makhleb
  8112 | D:9      | Noticed a two-headed ogre
  8134 | D:9      | Killed a two-headed ogre
  8134 | D:9      | Reached skill level 9 in Axes
  8269 | D:9      | Found a sparkling altar of Nemelex Xobeh.
  8677 | Orc:1    | Entered Level 1 of the Orcish Mines
  8734 | D:10     | Entered Level 10 of the Dungeon
  8751 | D:10     | Noticed Psyche
  8762 | D:10     | Killed Psyche
  8762 | D:10     | Reached XP level 11. HP: 99/103 MP: 8/8
  8916 | D:10     | Found a staircase to the Lair.
  9003 | D:10     | Noticed Fannar
  9261 | D:10     | Killed Fannar
  9457 | D:5      | Bought a +2 plate armour of poison resistance for 555 gold
                  | pieces
  9893 | D:10     | Found a portal to a secret trove of treasure.
 10387 | D:11     | Reached ***** piety under Makhleb
 10387 | D:11     | Reached skill level 10 in Axes
 10467 | D:11     | Noticed a two-headed ogre
 10481 | D:11     | Killed a two-headed ogre
 10501 | D:11     | Reached skill level 10 in Shields
 10524 | D:11     | Found a runed translucent door.
 10580 | D:11     | Noticed a two-headed ogre
 10599 | D:11     | Killed a two-headed ogre
 10599 | D:11     | Reached skill level 10 in Armour
 10684 | D:11     | Noticed a two-headed ogre
 10699 | D:11     | Killed a two-headed ogre
 10707 | D:11     | Got a bone long sword
 11010 | D:11     | Noticed Lanoc's ghost (journeyman HaAr)
 11058 | D:12     | Found a hide-covered altar of Uskayaw.
 11088 | D:12     | Found a bloodstained altar of Trog.
 11221 | D:12     | Found Isoff's Gadget Shop.
 11255 | D:12     | Reached skill level 11 in Axes
 11277 | D:12     | Reached XP level 12. HP: 112/112 MP: 10/10
 11524 | D:12     | Noticed a two-headed ogre
 11532 | D:12     | Noticed Nergalle
 11552 | D:12     | Killed a two-headed ogre
 11582 | D:12     | Killed Nergalle
 11629 | D:12     | Got an encrusted ring mail
 11787 | D:13     | Noticed Josephine
 11799 | D:13     | Noticed Kirke
 11803 | D:13     | Noticed Nessos
 11822 | D:12     | Killed Kirke
 11866 | D:13     | Noticed Sonja
 11887 | D:13     | Killed Josephine
 11899 | D:13     | Noticed Nessos
 11899 | D:13     | Nessos changed into Nessos the cyclops
 11911 | D:13     | Killed Nessos the cyclops
 12018 | D:13     | Reached ****** piety under Makhleb
 12045 | D:13     | Cast into level 1 of the Abyss (Sonja)
 12082 | Abyss:1  | Reached skill level 10 in Invocations
 12147 | Abyss:1  | Reached skill level 12 in Axes
 12165 | Abyss:1  | Gained mutation: You are weak. (Str -2) [a neqoxec]
 12167 | Abyss:1  | Gained mutation: You tend to lose your temper in combat. [a
                  | neqoxec]
 12171 | Abyss:1  | Gained mutation: You are very weak. (Str -4) [a neqoxec]
 12176 | Abyss:1  | Noticed a green death
 12176 | Abyss:1  | Gained mutation: You often lose your temper in combat. [a
                  | neqoxec]
 12361 | D:13     | Escaped the Abyss
 12735 | D:13     | Cast into level 1 of the Abyss (Sonja)
 12735 | Abyss:1  | Found a corrupted altar of Lugonu.
 12777 | Abyss:1  | Got a pitted trident
 12828 | Abyss:1  | Quit the game

Illustrated notes

Levels and vault maps discovered:
D:1:      ncdulo_watergridlock, layout_basic, serial_bayou_ford_a,
          chequers_mini_garden, minmay_misc_feat_diagonals
D:2:      layout_loops_ring, uniq_terence
D:3:      layout_rooms, chequers_ecumenical_altar_twisty,
          nicolae_qazlal_general_emergency
D:4:      layout_layer_cave, regret_index_temple_of_mockery,
          grunt_temple_overflow_open, ebering_ghost_sewer_f, minivault_4,
          uniq_blork_the_orc, uniq_menkaure, uniq_sigmund
D:5:      layout_rooms, chequers_temple_overflow_statue_of_worship,
          eat_drink_and_be_merry_uskayaw, lemuel_doored_altar,
          minmay_temple_entry_mist, serial_shops, nicolae_shop_trees,
          grunt_dithmenos_shadows
D:6:      layout_loops_ring, vehumet_statue
D:7:      layout_loops_cross, elyvilon_altar_4
D:8:      layout_basic, kennysheep_little_box, kennysheep_generic_room_2,
          uniq_maggie
D:9:      layout_stronghold, kennysheep_orc_monster_closet_entryway,
          lemuel_centaur_altar
D:10:     layout_basic, lair_entry_dummy, enter_trove_3, special_room
          [special_room_orc], uniq_fannar, uniq_psyche
D:11:     layout_big_octagon, enter_bailey_7, gammafunk_ghost_grave
D:12:     layout_rooms, serial_shops, nicolae_shop_waterfront, basic_altar,
          serial_park_tiny_pond, bloody_trog, uniq_nergalle
D:13:     layout_rooms, david_vaults_4, minivault_5, minmay_misc_feat_rugged,
          uniq_sonja, uniq_kirke, uniq_josephine, uniq_nessos
Temple:   jpeg_temple_clearing
Orc:1:    layout_caves, gammafunk_ghost_split
Abyss:1:  base: D:15, base:
D:11

Skill      XL: |  1  2  3  4  5  6  7  8  9 10 11 12 |
---------------+-------------------------------------+-----
Fighting       | 3 4 5 6 7 8 9 |  9.5
Axes           | 3 4 5 6 7 9 11 12 | 12.4
Armour         | 4 5 6 7 8 9 10 11 | 11.1
Shields        | 4 5 6 7 8 9 10 11 | 11.1
Invocations    | 1 5 7 9 10 | 10.4

Action                   |  1- 3 |  4- 6 |  7- 9 | 10-12 || total
-------------------------+-------+-------+-------+-------++-------
Melee: Hand axe          |   193 |   314 |   718 |   425 ||  1650
       War axe           |     5 |       |       |   947 ||   952
       Unarmed           |       |    11 |       |       ||    11
Throw: Stone             |     3 |       |       |       ||     3
       Boomerang         |       |     4 |       |     3 ||     7
Invok: Minor Destruction |       |       |     1 |     6 ||     7
       Major Destruction |       |       |       |     7 ||     7
       Lesser Servant of |       |       |       |     5 ||     5
       Greater Servant o |       |       |       |     1 ||     1
 Abil: Heal Wounds       |     1 |     5 |    11 |    46 ||    63
Evoke: Wand              |       |       |     8 |    15 ||    23
       Tin of tremorston |       |       |       |     3 ||     3
  Use: Potion            |       |       |     3 |     3 ||     6
       Scroll            |       |       |       |     5 ||     5
 Stab: Paralysed         |       |       |       |    26 ||    26
       Distracted        |       |       |       |     2 ||     2
       Sleeping          |       |       |       |     1 ||     1
Armor: Scale mail        |    69 |    10 |       |       ||    79
       Chain mail        |       |   143 |   297 |    10 ||   450
       Swamp dragon scal |       |       |       |   211 ||   211
       Plate armour      |       |       |       |   419 ||   419
Dodge: Dodged            |    42 |    47 |   139 |   352 ||   580
Block: Kite shield       |   100 |   113 |   374 |   900 ||  1487

Table legend: (Time is in decaauts)
 A = Elapsed time spent in this place.
 B = Non-inter-level travel time spent in this place.
 C = Inter-level travel time spent in this place.
 D = Time resting spent in this place.
 E = Time spent auto-exploring this place.
 F = Levels seen in this place.
 G = Mean time per level.
                   A        B        C        D        E       F      G
               +--------+--------+--------+--------+--------+-----+--------+
         Total |  13104 |  12072 |   1032 |    894 |   6269 |  17 |  770.8 |
       Dungeon |  12616 |  11593 |   1023 |    892 |   6185 |  13 |  970.5 |
        Temple |     36 |     27 |      9 |      0 |     20 |   1 |   36.0 |
  Orcish Mines |     24 |     24 |      0 |      0 |      0 |   1 |   24.0 |
         Abyss |    426 |    426 |      0 |      2 |     64 |   2 |  213.0 |
               +--------+--------+--------+--------+--------+-----+--------+

Top non-repeatable levels by time:
     D:4: 1541 daAuts
    D:10: 1459 daAuts
     D:9: 1418 daAuts
     D:8: 1359 daAuts
     D:1: 1172 daAuts
     D:2: 853 daAuts
     D:7: 813 daAuts
    D:12: 783 daAuts
     D:6: 783 daAuts
    D:11: 707 daAuts
    D:13: 636 daAuts
     D:5: 556 daAuts
     D:3: 530 daAuts
 Abyss:1: 426 daAuts
  Temple: 36 daAuts
